AoeStats
← 波卡

Arena

510273327Analyzed
4v4 RM · 2d ago on Sep 30, 2026· 36m 12s· 8 players
Game mode
Random Map
Map size
Large (8 player)
Population
200
Speed
Normal
Resources
Standard
Victory
Conquest
Starting age
Dark Age
Ending age
Imperial Age
RankedLock teamsTeams togetherTeam positionsShared explorationLock speedFull tech treeHidden civsTurbo modeCheats
Victory
Defeat
🇺🇸 Burgundians · United States
1059
+13
🇹🇼 Turks · Taiwan
1025
+14
🇻🇳 Vietnamese · Vietnam
964
+17
900
+19
🇵🇰 Teutons · Pakistan
1036
-18
🇵🇰 Persians · Pakistan
1028
-18
🇪🇸 Spanish · Spain
973
-15
🇵🇰 Lithuanians · Pakistan
896
-12
Memory
11:11 Feudal Age
15:32 Castle Age
13:50 Stone Mining
13:51 Double-Bit Axe
14:17 Horse Collar
17:23 Loom
20:15 Fletching
27:04 Scale Mail Armor
28:38 Forging
29:42 Scale Barding Armor
34:36 Imperial Age
34:44 Chain Mail Armor
35:05 Iron Casting
34:25 Bodkin Arrow
34:31 Padded Archer Armor
35:08 Heavy Plow
Just_jawad
0:29 Loom
12:31 Feudal Age
16:14 Castle Age
14:19 Double-Bit Axe
14:28 Horse Collar
15:30 Gold Mining
15:34 Stone Mining
17:01 Bow Saw
17:20 Heavy Plow
19:49 Wheelbarrow
20:23 Gold Shaft Mining
29:53 Arson
30:08 Squires
32:57 Hand Cart
35:28 Imperial Age
34:07 Thumb Ring
33:29 Elite Skirmisher
36:51 Chemistry
35:43 Heated Shot
35:53 Fletching
36:04 Padded Archer Armor
36:10 Scale Barding Armor
Naughty Grandpa
37:47 Feudal Age
Master of Ludus
0:28 Loom
11:58 Feudal Age
18:48 Castle Age
17:04 Horse Collar
17:23 Stone Mining
19:03 Wheelbarrow
18:20 Double-Bit Axe
19:58 Wheelbarrow
21:35 Hand Cart
22:21 Town Watch
24:50 Bow Saw
28:03 Heavy Plow
31:58 Imperial Age
29:40 Fortified Wall
29:48 Fletching
29:59 Padded Archer Armor
30:10 Forging
30:00 Scale Mail Armor
31:33 Pikeman
31:59 Gambesons
32:15 Squires
32:01 Arson
31:40 Elite Skirmisher
32:19 Bodkin Arrow
32:40 Leather Archer Armor
33:00 Iron Casting
33:39 Chemistry
33:03 Conscription
32:39 Halberdier
33:40 Chain Mail Armor
34:59 Ballistics
34:50 Masonry
34:55 Bracer
35:12 Chain Mail Armor
35:30 Ring Archer Armor
36:35 Chain Mail Armor
波卡
12:14 Feudal Age
13:31 Double-Bit Axe
19:30 Castle Age
17:35 Horse Collar
20:00 Castle Age
21:21 Bow Saw
25:05 Imperial Age
23:30 Padded Archer Armor
23:37 Heavy Plow
25:11 Wheelbarrow
25:46 Bloodlines
29:20 Conscription
31:13 Hand Cart
30:56 Gold Mining
33:23 Elite Janissary
bvinh6112
10:11 Feudal Age
8:37 Double-Bit Axe
8:34 Horse Collar
14:31 Castle Age
12:48 Horse Collar
13:36 Bow Saw
20:04 Two-Man Saw
23:40 Heavy Plow
25:13 Loom
28:40 Imperial Age
26:36 Forging
26:31 Scale Barding Armor
27:26 Scale Barding Armor
28:25 Crop Rotation
28:44 Husbandry
29:25 Cavalier
30:56 Iron Casting
30:41 Chain Barding Armor
32:06 Wheelbarrow
35:09 Blast Furnace
34:45 Plate Barding Armor
35:24 Plate Barding Armor
36:10 Hand Cart
QUANTW7175
1:24 Loom
11:25 Feudal Age
12:49 Wheelbarrow
18:39 Castle Age
22:50 Masonry
23:01 Ballistics
23:46 Wheelbarrow
24:37 Hand Cart
24:26 Elite Skirmisher
25:27 Squires
25:42 Double-Bit Axe
27:11 Thumb Ring
27:30 Horse Collar
30:23 Town Watch
31:21 Bow Saw
31:16 Heavy Plow
33:21 Padded Archer Armor
33:12 Fletching
33:23 Scale Mail Armor
33:34 Forging
33:49 Gold Mining
33:52 Stone Mining
37:22 Imperial Age
35:07 Forging
35:54 Fortified Wall
35:42 Murder Holes
遊戲靠賽輕鬆自在
8:41 Loom
10:26 Feudal Age
11:45 Horse Collar
11:54 Double-Bit Axe
18:11 Castle Age
17:01 Stone Mining
17:04 Gold Mining
17:09 Fletching
19:16 Bow Saw
19:09 Heavy Plow
20:46 Town Watch
21:37 Wheelbarrow
23:14 Hand Cart
24:21 Forging
24:12 Scale Mail Armor
25:48 Iron Casting
27:01 Chain Mail Armor
27:23 Squires
27:35 Pikeman
33:50 Arson
34:13 Bodkin Arrow
38:15 Imperial Age
Connection lost

Rejoining the realm…

Still unreachable

The connection could not be restored.

Session expired

The server has moved on; the page needs a fresh start.